 Dungeon Crawl Stone Soup version 0.28.0 (webtiles) character file.

Game seed: 6304244528365932817

58 AmazingTV the Sneak (level 3, -2/18 HPs)
             Began as a Spriggan Brigand on June 23, 2022.
             Killed by divine providence
             ... invoked by an orc priest
              (17 damage)
             ... on level 3 of the Dungeon.
             The game lasted 00:06:14 (2354 turns).

AmazingTV the Sneak (Spriggan Brigand)              Turns: 2354, Time: 00:06:15

Health: -2/18      AC:  3    Str:  7    XL:     3   Next: 76%
Magic:  5/5        EV: 17    Int: 12    God:
Gold:   176        SH:  0    Dex: 18    Spells: 4/4 levels left

rFire   . . .      SeeInvis +   a - +1 dagger (vamp)
rCold   . . .      Faith    .   (no shield)
rNeg    . . .      Spirit   .   b - +0 robe
rPois   .          Reflect  .   (helmet restricted)
rElec   .          Harm     .   c - +0 cloak
rCorr   .          Rampage  .   (gloves unavailable)
Will    .....                   (boots unavailable)
Stlth   ++++......              (no amulet)
HPRegen 0.06/turn               (no ring)
MPRegen 0.09/turn               (no ring)

@: very quick
A: very small, no large weapons, unfitting armour, see invisible, speed 3
a: no special abilities


You were on level 3 of the Dungeon.
You visited 1 branch of the dungeon, and saw 3 of its levels.

You collected 176 gold pieces.

Inventory:

Hand Weapons
 a - a +1 vampiric dagger (weapon)
 k - a +2 dagger
Missiles
 d - 18 poisoned darts (quivered)
 e - 2 curare-tipped darts
 h - 43 arrows
 j - 42 stones
 l - 16 sling bullets
Armour
 b - a +0 robe (worn)
 c - a +0 cloak (worn)
Scrolls
 i - 3 scrolls of identify {unknown}
 m - a scroll of magic mapping {unknown}
Potions
 f - 2 potions of attraction {unknown}
 g - a potion of might {unknown}


   Skills:
 + Level 1.9 Fighting
 + Level 2.7 Short Blades
 + Level 2.4 Throwing
 + Level 2.0 Dodging
 * Level 6.7 Stealth
 + Level 1.1 Spellcasting


You had 4 spell levels left.
You didn't know any spells.
Your spell library contained the following spells:

 Spells                   Type           Power      Damage    Failure   Level
 Pain                     Necr           0%         1d4       30%         1
 Agony                    Necr           0%         N/A       100%        5
 Excruciating Wounds      Necr           0%         N/A       100%        5


Dungeon Overview and Level Annotations

Branches:
Dungeon (3/15)

Altars:


Innate Abilities, Weirdness & Mutations

You are very small and have problems with some larger weapons.
You are too small for most types of armour.
You have supernaturally acute eyesight. (SInv)
You cover ground extremely quickly. (Speed+++)


Message History

The orc is heavily wounded.
The orc hits you with a +0 short sword.
You closely miss the orc.
The orc is heavily wounded.
The orc closely misses you.
The orc priest mumbles some strange prayers to Beogh against you.
Beogh smites you!
* * * LOW HITPOINT WARNING * * *
There is a stone staircase leading up here.
You climb upwards.
There is a stone staircase leading down here.
You start resting.
HP restored.
There is a stone staircase leading down here.
You climb downwards.
There is a stone staircase leading up here.
You now have 176 gold pieces (gained 17).
d - 20 poisoned darts (gained 1)
You catch the helpless orc completely off-guard!
You impale the orc!!
You kill the orc!
You barely miss the orc.
The orc shouts!
You hear a shout!
The orc priest shouts!
The orc misses you.
You completely miss the orc. The orc hits you with a +0 hand axe.
Throw: 20 darts (poison)
Press: ? - help, Q - select action, (/) - cycle Shift-Dir - straight line, f - orc priest
Aim: an orc priest, wielding a +0 dagger (62% to hit)
You throw a poisoned dart. The poisoned dart hits the orc.
The orc is poisoned.
The orc completely misses you.
There are monsters nearby!
Throw: 19 darts (poison)
Press: ? - help, Q - select action, (/) - cycle Shift-Dir - straight line, f/p - orc priest
Aim: an orc priest, wielding a +0 dagger (62% to hit)
You throw a poisoned dart. The poisoned dart hits the orc priest.
The orc priest is poisoned.
The orc priest mumbles some strange prayers to Beogh against you.
Beogh smites you!
Ouch! That really hurt!
You die...

#.#####.##o#......#
#o#####.##o.......#
#o##....####......#
#.......# ##.######
#.....).# #.# #
#.##o##.# ... #
#.#oo##.# ..... #
#.#.###.# #.....# #
#<#@###.# .# #
#.......# #
##...##### #
#.#.....# #
#...###.##
######...##########
#.###.##....... #.#
#....######
#.###.####


You could see an orc priest (poisoned) and 2 orcs.

Vanquished Creatures
  2 worms (D:2)
  2 dart slugs (D:2)
  2 orcs (D:3)
  6 bats
  6 endoplasms
  A giant cockroach (D:2)
  5 goblins
  A hobgoblin (D:1)
  3 jackals (D:2)
  2 quokkas
  4 ball pythons
  A frilled lizard (D:2)
  2 kobolds
  5 rats
42 creatures vanquished.

Notes
Turn   | Place    | Note
-------+----------+-------------------------------------------
     0 | D:1      | AmazingTV the Spriggan Brigand began the quest for the Orb.
     0 | D:1      | Reached XP level 1. HP: 10/10 MP: 2/2
   314 | D:1      | Reached skill level 6 in Stealth
   540 | D:1      | Reached XP level 2. HP: 15/15 MP: 3/3
  1390 | D:2      | Reached XP level 3. HP: 15/18 MP: 5/5
  1528 | D:2      | Reached skill level 1 in Spellcasting
  1711 | D:2      | Found a faded altar of an unknown god.
  2354 | D:3      | Killed from afar by an orc priest

Illustrated notes

Levels and vault maps discovered:
D:1:      dpeg_arrival_central, layout_basic
D:2:      layout_basic, ebering_ecumenical_altar_box,
          minmay_misc_feat_four_crosses
D:3:      layout_loops_cross

Skill      XL: |  1  2  3 |
---------------+----------+-----
Stealth        | 6 |  6.7
Spellcasting   | 1 |  1.1
Dodging        | 2 |  2.0
Fighting       | |  1.9
Short Blades   | |  2.7
Throwing       | |  2.4

Action                   || total
-------------------------++-------
Melee: Dagger            ||   138
       Punch             ||     1
Throw: Dart              ||     3
 Stab: Sleeping          ||    13
       Distracted        ||     1
Armor: Robe              ||    26
Dodge: Dodged            ||   121
